 Dungeon Crawl Stone Soup version 0.32-a0-859-gb0a091d592 (webtiles) character file.

Game seed: 8104940305500419047

42 ragingrage the Slasher (level 3, -2/27 HPs)
             Began as a Human Warper on Mar 28, 2024.
             Slain by an adder (3 damage)
             ... on level 2 of the Dungeon.
             The game lasted 00:01:47 (1328 turns).

ragingrage the Slasher (Human Warper)               Turns: 1328, Time: 00:01:47

Health: -2/27      AC:  3    Str: 15    XL:     3   Next: 54%
Magic:  6/6        EV: 11    Int: 12    God:
Gold:   64         SH:  0    Dex: 13    Spells: 4/6 levels left

rFire   . . .        b - +0 triple crossbow
rCold   . . .        (shield currently unavailable)
rNeg    . . .        h - +0 leather armour
rPois   .            (no helmet)
rElec   .            (no cloak)
rCorr   .            (no gloves)
SInv    .            (no boots)
Will    +....        (no amulet)
Stlth   ++           (no ring)
HPRegen 0.24/turn    (no ring)
MPRegen 0.10/turn

%: no passive effects
@: lethally poisoned (-2 -> -6), enlightened, flying
A: explore regen, high MP 1, strong 1
a: no special abilities


You were on level 2 of the Dungeon.
You visited 1 branch of the dungeon, and saw 2 of its levels.

You collected 64 gold pieces.

Inventory:

Hand Weapons
 a - a +0 falchion
 b - a +0 triple crossbow (weapon)
Missiles
 d - 4 darts of dispersal
Armour
 h - a +0 leather armour (worn)
Scrolls
 c - a scroll of blinking
 e - 3 scrolls of amnesia {unknown}
Potions
 g - a potion of enlightenment


   Skills:
 - Level 2.0 Fighting
 - Level 3.1 Long Blades
 + Level 0.1 Ranged Weapons
 - Level 1.0 Throwing
 - Level 1.0 Armour
 - Level 2.0 Dodging
 - Level 2.0 Stealth
 - Level 2.0 Spellcasting
 - Level 3.0 Translocations


You had 4 spell levels left.
You knew the following spells:

 Your Spells              Type           Power      Damage    Failure   Level
a - Blink                 Tloc           16%        N/A       14%         2

Your spell library contained the following spells:

 Spells                   Type           Power      Damage    Failure   Level
 Lesser Beckoning         Tloc           16%        N/A       14%         2
 Teleport Other           Tloc           8%         N/A       28%         3
 Volatile Blastmotes      Fire/Tloc      8%         2d10      47%         3
 Passwall                 Erth           1%         N/A       69%         3
 Vhi's Electric Charge    Tloc/Air       8%         N/A       87%         4
 Bombard                  Conj/Erth      0%         9d1       100%        6
 Maxwell's Portable Pile  Tloc           Unusable   2d(6-12)  N/A         4

Dungeon Overview and Level Annotations

Branches:
Dungeon (2/15)

Altars:


Innate Abilities, Weirdness & Mutations

You regain HP and MP as you explore.
You have an increased reservoir of magic. (+10% MP)
Your muscles are strong. (Str +4, Int/Dex -1)


Message History

It was a potion of enlightenment.
You feel very buoyant.
You fly up into the air.
You feel sick. The adder bites you but does no damage. The adder bites you.
Unknown command.
It was a potion of mutation.
You feel extremely strange.
You feel stronger.
You feel more energetic.
You feel sick. The adder bites you.
You are more poisoned.
The adder poisons you!
Unknown command.
Throw: 7 darts (disperse)
Press: ? - help, Shift-Dir - straight line, f/p - adder
Aim: an adder (32% to hit)
You throw a dart of dispersal.
The dart of dispersal closely misses the adder.
You feel sick. The adder barely misses you.
Throw: 6 darts (disperse)
Press: ? - help, Shift-Dir - straight line, f/p - adder
Aim: an adder (32% to hit)
You throw a dart of dispersal. The dart of dispersal misses the adder.
You feel sick. The adder bites you.
* * * LOW HITPOINT WARNING * * *
You are lethally poisoned!
The adder poisons you!
Throw: 5 darts (disperse)
Press: ? - help, Shift-Dir - straight line, f/p - adder
Aim: an adder (32% to hit)
You throw a dart of dispersal.
The dart of dispersal closely misses the adder.
* * * LOW HITPOINT WARNING * * *
You feel sick. The adder barely misses you. The adder closely misses you.
Fire: b) +0 triple crossbow
Press: ? - help, Q - select action, (/) - cycle Shift-Dir - straight line, f/p - adder
Aim: an adder (26% to hit)
You shoot a bolt. The bolt closely misses the adder.
* * * LOW HITPOINT WARNING * * *
You feel very sick. The adder bites you.
You die...

.......................
###..........#..####.#
+.......>.......#
#..........####.#
#..............†#
#.........####..#
#########.# #..# #.
#..# ###.####@.# .
##......S..#....
#...........#
#######.......##..#
..?.........#.# ..#
............#.# ..#
...........?..# ..#
.........#.#### #.#
.........#..... .+


You could see an adder.

Vanquished Creatures
  An adder (D:1)
  A dart slug (D:1)
  3 bats (D:1)
  An endoplasm (D:1)
  3 giant cockroaches (D:1)
  3 hobgoblins
  3 jackals (D:1)
  A quokka (D:1)
  A ball python (D:1)
  2 frilled lizards
  6 goblins (D:1)
  2 kobolds (D:1)
  A rat (D:2)
28 creatures vanquished.

Notes
Turn   | Place    | Note
-------+----------+-------------------------------------------
     0 | D:1      | ragingrage the Human Warper began the quest for the Orb.
     0 | D:1      | Reached XP level 1. HP: 16/16 MP: 3/3
    95 | D:1      | Reached skill level 1 in Stealth
   272 | D:1      | Reached XP level 2. HP: 21/22 MP: 5/5
   601 | D:1      | Reached XP level 3. HP: 25/27 MP: 6/6
   614 | D:1      | Learned a level 2 spell: Blink
  1324 | D:2      | Gained mutation: Your muscles are strong. (Str +4, Int/Dex
                  | -1) [potion of mutation]
  1324 | D:2      | Gained mutation: You have an increased reservoir of magic.
                  | (+10% MP) [potion of mutation]
  1328 | D:2      | HP: 1/27 [poisoned by an adder]
  1328 | D:2      | Slain by an adder

Illustrated notes

Levels and vault maps discovered:
D:1:      ldierk_walled_garden_2, layout_basic, chequers_mini_garden
D:2:      wad_pebble_path, layout_basic, serial_shops,
          nicolae_shop_behind_doors, serial_curves, eino_curves_01,
          eino_curves_02, eino_curves_02

Skill      XL: |  1  2  3 |
---------------+----------+-----
Stealth        | 1 2 |  2.0
Long Blades    | 3 |  3.1
Fighting       | |  2.0
Ranged Weapons | |  0.1
Throwing       | |  1.0
Armour         | |  1.0
Dodging        | |  2.0
Spellcasting   | |  2.0
Translocations | |  3.0

Action                     || total
---------------------------++-------
  Melee: Falchion          ||    97
   Fire: Triple crossbow   ||    11
  Throw: Dart              ||     3
    Use: Potion            ||     2
 Armour: Leather armour    ||    75
  Dodge: Dodged            ||    64

Table legend: (Time is in decaauts)
 A = Elapsed time spent in this place.
 B = Non-inter-level travel time spent in this place.
 C = Inter-level travel time spent in this place.
 D = Time resting spent in this place.
 E = Time spent auto-exploring this place.
 F = Levels seen in this place.
 G = Mean time per level.
                   A        B        C        D        E       F      G
               +--------+--------+--------+--------+--------+-----+--------+
         Total |   1360 |   1320 |     40 |    330 |    687 |   2 |  680.0 |
       Dungeon |   1360 |   1320 |     40 |    330 |    687 |   2 |  680.0 |
               +--------+--------+--------+--------+--------+-----+--------+

Top non-repeatable levels by time:
     D:1: 1291 daAuts
     D:2: 68 daAuts
